 Seeded DCSS version 0.29-a0-72-g1732ff48e7 (webtiles) character file.

Game seed: 20220128 (custom seed)

15051 a11behringer the Basher (level 11, -2/95 HPs)
             Began as a Minotaur Berserker on Jan 30, 2022.
             Was a High Priest of Trog.
             Slain by a slime creature (14 damage)
             ... on level 10 of the Dungeon on Feb 3, 2022.
             The game lasted 00:30:35 (11523 turns).

a11behringer the Basher (Minotaur Berserker)       Turns: 11523, Time: 00:30:38

Health: -2/95      AC: 18    Str: 27    XL:     11   Next: 96%
Magic:  10/10      EV:  8    Int:  4    God:    Trog [*****.]
Gold:   402        SH: 10    Dex: 15    Spells: 10/10 levels left

rFire   + . .      SeeInvis .   s - +7 mace of Termination {freeze, +Blink rPois rF+}
rCold   . . .      Faith    .   D - +0 kite shield
rNeg    . . .      Spirit   .   X - +0 plate armour
rPois   +          Reflect  .   (helmet restricted)
rElec   .          Harm     .   M - +0 cloak
rCorr   +          Rampage  .   (no gloves)
Will    +....                   i - +0 pair of boots
Stlth   ..........              (no amulet)
HPRegen 0.25/turn               O - ring "Koanly" {rCorr Dex+6}
MPRegen 0.12/turn               E - ring of willpower

@: on berserk cooldown, slowed, very slow
A: horns 2, retaliatory headbutt
a: Renounce Religion, Evoke Blink, Berserk, Trog's Hand, Brothers in Arms


You were on level 10 of the Dungeon.
You worshipped Trog.
Trog was extremely pleased with you.
You visited 1 branch of the dungeon, and saw 11 of its levels.
You also visited: Sewer and Bailey.

You collected 558 gold pieces.
You spent 156 gold pieces at shops.

Inventory:

Hand Weapons
 k - a +1 whip of electrocution
 s - the +7 mace of Termination (weapon) {freeze, +Blink rPois rF+}
   (You found it on level 3 of the Dungeon)

   It freezes those it strikes, dealing additional cold damage.
   It can also slow down cold-blooded creatures.
   rF:        It protects you from fire.
   rPois:     It protects you from poison.
   +Blink:    It lets you blink.
 B - a +0 shortbow
 G - a +0 great mace
 I - a +1 whip of flaming
 S - a +4 dire flail of freezing
Missiles
 e - 34 boomerangs (quivered)
 g - 3 throwing nets
 p - 172 arrows
Armour
 i - a +0 pair of boots (worn)
 D - a +0 kite shield (worn)
 M - a +0 cloak (worn)
 Q - a +0 buckler
 V - +0 steam dragon scales
 X - a +0 plate armour (worn)
Jewellery
 q - a ring of protection from cold
 x - a ring of fire
 E - a ring of willpower (right hand)
 F - a +6 ring of strength
 N - a +4 ring of protection
 O - the ring "Koanly" (left hand) {rCorr Dex+6}
   (You bought it in a shop on level 4 of the Dungeon)

   [ring of dexterity]

   Dex:       It affects your dexterity (+6).
   rCorr:     It protects you from acid and corrosion.
 W - a ring of positive energy
Wands
 o - a wand of paralysis (4)
 Z - a wand of flame (18)
Scrolls
 a - a scroll of holy word {unknown}
 b - 2 scrolls of fog {unknown}
 d - 3 scrolls of amnesia {unknown}
 f - 4 scrolls of enchant weapon
 l - 5 scrolls of enchant armour
 r - a scroll of immolation {unknown}
 u - 2 scrolls of torment {unknown}
 w - a scroll of identify
 H - 4 scrolls of blinking
 L - a scroll of teleportation
 R - 3 scrolls of summoning
 Y - a scroll of fear
Potions
 c - 5 potions of magic
 h - 4 potions of might
 j - 9 potions of mutation
 m - 3 potions of brilliance {unknown}
 n - 2 potions of attraction
 t - 3 potions of lignification
 v - 4 potions of invisibility
 z - 3 potions of curing
 A - 2 potions of ambrosia {unknown}
 C - 2 potions of heal wounds {unknown}
 J - 4 potions of haste
 K - a potion of berserk rage {unknown}
 P - 2 potions of flight {unknown}
 T - a potion of cancellation {unknown}


   Skills:
 + Level 8.6 Fighting
 + Level 2.8(10.0) Axes
 * Level 14.7(15.0) Maces & Flails
 + Level 2.8(10.0) Staves
 * Level 5.8 Bows
 + Level 11.1 Armour
 + Level 4.8 Dodging
 + Level 5.4 Shields
 + Level 5.0 Evocations


You had 10 spell levels left.
You didn't know any spells.
Your spell library was empty.

Dungeon Overview and Level Annotations

Branches:
Dungeon (11/15)            Temple (0/1) D:6            Lair (0/6) D:8
  Sewer (visited)          Bailey (visited)
    Orc: D:9-12

Altars:
Kikubaaqudgha

Shops:
D:4 *   D:6 :


Innate Abilities, Weirdness & Mutations

You have a pair of horns on your head.
You reflexively headbutt those who attack you in melee.


Message History

Something hits you but does no damage.
The slime creature hits you but does no damage.
You bludgeon the slime creature!! You freeze the slime creature.
You kill the slime creature!
Trog accepts your kill. Something hits you but does no damage.
Something hits you.
You thump the very large slime creature!
You freeze the very large slime creature.
Your headbutt misses the very large slime creature.
The very large slime creature is lightly wounded.
You block the very large slime creature's attack.
You thump the very large slime creature!
You freeze the very large slime creature!
The very large slime creature is moderately wounded.
A very large slime creature splits.
The large slime creature hits you!
You hit the large slime creature. You freeze the large slime creature.
You headbutt the large slime creature, but do no damage.
The large slime creature is moderately wounded.
A large slime creature splits.
The slime creature hits you!
You sock the slime creature! You freeze the slime creature.
You headbutt the slime creature!
The slime creature is severely wounded.
The slime creature hits you but does no damage.
The slime creature hits you. You block the slime creature's attack.
You hit the slime creature. You freeze the slime creature.
You headbutt the slime creature!
You kill the slime creature!
Trog accepts your kill. You block something's attack.
The slime creature hits you!
* * * LOW HITPOINT WARNING * * *
The slime creature hits you!
* * * LOW HITPOINT WARNING * * *
You completely miss the slime creature.
Your headbutt misses the slime creature.
The slime creature is lightly wounded.
The slime creature hits you but does no damage.
You block the slime creature's attack.
The slime creature hits you but does no damage.
The slime creature hits you!
You die...

################################
........ ......................
......# #.#.#.#.#.#(#.#.#.#.#.#
......# #.............>......).
...(..# #.#.#.#.#.#.#.#.#.#.#.#
......# #.....J@J..............
......# #.#.#.#.#.#.#.#.#.#.#.#
......####...######..#........###
........................####.....
........................# #.....
........................####...##
......................=........##
...####.........^..............##
...####........................##


You could see 2 slime creatures.

Vanquished Creatures
  An orc warlord (Bailey)
  3 two-headed ogres
  A centaur zombie (D:10)
  A kobold demonologist (D:10)
  A troll (D:9)
  3 slime creatures (D:10)
  Grinder (D:3)
  A wyvern (D:7)
  Eustachio (D:6)
  A steam dragon (D:7)
  Menkaure (D:6)
  2 water moccasins
  2 acid dragons
  3 wargs (D:8)
  A hornet zombie (D:8)
  6 orc warriors
  An ice beast (D:5)
  3 sky beasts
  3 ogres
  A black bear (D:6)
  2 centaurs
  A phantom (D:11)
  Blork the orc (D:5)
  3 kobold brigands
  2 gnoll sergeants
  4 scorpions
  11 killer bees
  8 wights
  3 hounds
  2 jellies (D:7)
  4 orc priests
  Jessica (D:3)
  A bullfrog skeleton (D:6)
  2 gnoll shamans
  2 iguanas
  8 orc wizards
  2 ogre zombies (D:11)
  A hound skeleton (D:4)
  22 gnolls
  5 river rats
  5 adders
  A shadow imp (D:5)
  2 white imps
  6 worms
  A dart slug (D:2)
  45 orcs
  9 ball pythons
  A bat (D:1)
  10 endoplasms
  5 giant cockroaches
  15 goblins
  20 hobgoblins
  40 kobolds
  5 quokkas
  A frilled lizard (D:2)
  A hobgoblin skeleton (D:11)
  2 hobgoblin zombies (D:11)
  An orc zombie (D:11)
  9 rats
301 creatures vanquished.

Vanquished Creatures (others)
  A plant (D:8)
1 creature vanquished.

Grand Total: 302 creatures vanquished

Notes
Turn   | Place    | Note
-------+----------+-------------------------------------------
     0 | D:1      | a11behringer the Minotaur Berserker began the quest for the
                  | Orb.
     0 | D:1      | Reached XP level 1. HP: 19/19 MP: 0/0
    19 | D:1      | Upgraded the game from 0.29-a0-23-ga79f92ac9c to
                  | 0.29-a0-72-g1732ff48e7
   297 | D:1      | Found a faded altar of an unknown god.
   395 | D:1      | Reached XP level 2. HP: 15/27 MP: 1/1
   727 | D:1      | Reached skill level 4 in Maces & Flails
  1137 | D:2      | Reached XP level 3. HP: 33/33 MP: 2/2
  1213 | D:2      | Reached ** piety under Trog
  1581 | D:3      | Noticed Jessica
  1583 | D:3      | Killed Jessica
  1586 | D:3      | Reached XP level 4. HP: 37/41 MP: 3/3
  1684 | D:3      | Found an ancient bone altar of Kikubaaqudgha.
  1784 | D:3      | Noticed Grinder
  1795 | D:3      | Killed Grinder
  1796 | D:3      | Reached skill level 6 in Maces & Flails
  1796 | D:3      | Reached XP level 5. HP: 47/47 MP: 4/4
  1875 | D:3      | Reached XP level 6. HP: 47/53 MP: 5/5
  2154 | D:3      | Identified the +7 mace of Termination {freeze, +Blink rPois
                  | rF+}
  2261 | D:4      | Found Udeu's Assorted Antiques.
  2377 | D:4      | Reached skill level 7 in Maces & Flails
  3125 | D:4      | Reached skill level 1 in Evocations
  3317 | D:5      | Entered Level 5 of the Dungeon
  3319 | D:5      | Noticed Blork the orc
  3328 | D:5      | Killed Blork the orc
  3329 | D:5      | Reached skill level 5 in Fighting
  3329 | D:5      | Reached XP level 7. HP: 61/61 MP: 6/6
  3465 | D:5      | Reached skill level 8 in Maces & Flails
  3469 | D:5      | Reached *** piety under Trog
  3470 | D:5      | Reached skill level 5 in Armour
  3961 | D:5      | Reached XP level 8. HP: 68/68 MP: 7/7
  4167 | D:6      | Reached skill level 9 in Maces & Flails
  4308 | D:6      | Found a glowing drain.
  4319 | Sewer    | Entered a sewer
  4784 | D:6      | Noticed Eustachio
  4798 | D:6      | Killed Eustachio
  4801 | D:6      | Reached **** piety under Trog
  4949 | D:6      | Found Isebbiwk's Book Boutique.
  5148 | D:4      | Bought an ancient wooden ring for 115 gold pieces
  5148 | D:4      | Identified the ring "Koanly" {rCorr Dex+6} (You bought it
                  | in a shop on level 4 of the Dungeon)
  5150 | D:4      | Bought 2 amethyst potions for 41 gold pieces
  5423 | D:6      | Found a staircase to the Ecumenical Temple.
  5429 | D:6      | Reached skill level 10 in Maces & Flails
  5789 | D:6      | Noticed Menkaure
  5795 | D:6      | Killed Menkaure
  6126 | D:7      | Reached XP level 9. HP: 75/75 MP: 8/8
  6168 | D:7      | Reached skill level 11 in Maces & Flails
  7500 | D:8      | Reached skill level 12 in Maces & Flails
  7829 | D:8      | Found a staircase to the Lair.
  8203 | D:8      | Reached ***** piety under Trog
  8246 | D:8      | Reached XP level 10. HP: 86/86 MP: 9/9
  8604 | D:9      | Found a flagged portal.
  8616 | Bailey   | Entered a bailey
  8659 | Bailey   | Noticed an orc warlord
  8749 | Bailey   | Reached skill level 1 in Bows
  8929 | Bailey   | Found a runed translucent gate.
  8930 | Bailey   | Found a runed translucent gate.
  8931 | Bailey   | Found a runed translucent gate.
  8950 | Bailey   | Reached skill level 13 in Maces & Flails
  9135 | Bailey   | Killed an orc warlord
  9161 | Bailey   | Reached skill level 14 in Maces & Flails
  9161 | Bailey   | Reached XP level 11. HP: 94/94 MP: 10/10
  9296 | D:9      | Reached skill level 10 in Armour
  9662 | D:9      | Noticed a two-headed ogre
  9668 | D:9      | Killed a two-headed ogre
  9669 | D:9      | Reached skill level 5 in Bows
 10012 | D:9      | Noticed a two-headed ogre
 10020 | D:9      | Killed a two-headed ogre
 10360 | D:10     | Entered Level 10 of the Dungeon
 10759 | D:10     | Noticed a two-headed ogre
 10766 | D:10     | Killed a two-headed ogre
 10767 | D:10     | Reached skill level 5 in Shields
 10767 | D:10     | Reached skill level 5 in Evocations
 11523 | D:10     | Slain by a slime creature

Illustrated notes

Levels and vault maps discovered:
D:1:      wander_arrival_abandoned_jail, layout_basic,
          dreamdust_ecumenical_altar_grove, grunt_decor_one_mirror,
          hex_intersection
D:2:      layout_loops_cross
D:3:      layout_basic, kiku_gazebo_pond_becter, uniq_jessica, uniq_grinder
D:4:      layout_loops_ring, serial_shops, kennysheep_mini_moat,
          roderic_roman_lattice, minmay_stone_trees_medium
D:5:      layout_gridville, uniq_blork_the_orc
D:6:      layout_basic, minmay_temple_entry_arrows, serial_shops, shop,
          portal_sewer_entry_c, uniq_eustachio, uniq_menkaure
D:7:      layout_loops_ring, lightli_orcish_oven
D:8:      corexii_shantytown, layout_loops_cross, erik_lair_orcish_takeover,
          minmay_unpleasant_kobolds
D:9:      layout_loops_corners, enter_bailey_4, minivault_5
D:10:     layout_small_grid, small_statue_alley_a, st_stairs_13,
          hangedman_decor_diamond_cutter
D:11:     layout_irregular_city, zombieorc1_lemuel

Skill      XL: |  1  2  3  4  5  6  7  8  9 10 11 |
---------------+----------------------------------+-----
Fighting       | 4 5 6 7 8 |  8.6
Maces & Flails | 4 6 7 8 10 12 14 | 14.7
Armour         | 3 4 5 7 8 9 11 | 11.1
Dodging        | 3 4 |  4.8
Evocations     | 1 2 4 5 |  5.0
Bows           | 4 5 |  5.8
Axes           | 2 |  2.8
Staves         | 2 |  2.8
Shields        | 4 5 |  5.4

Action                   |  1- 3 |  4- 6 |  7- 9 | 10-12 || total
-------------------------+-------+-------+-------+-------++-------
Melee: Mace              |    33 |    34 |   300 |   251 ||   618
       Headbutt          |     4 |    11 |    32 |    49 ||    96
       Whip              |    33 |    35 |       |       ||    68
       Punch             |       |     1 |     3 |       ||     4
Invok: Berserk           |       |     2 |     4 |     7 ||    13
       Trog's Hand       |       |     2 |     1 |     5 ||     8
 Abil: Evoke Blink       |       |       |       |     1 ||     1
  Use: Scroll            |       |     1 |    10 |     7 ||    18
       Potion            |       |       |       |     1 ||     1
Armor: Scale mail        |    20 |       |       |       ||    20
       Animal skin       |     1 |       |       |       ||     1
       Chain mail        |     4 |    21 |    83 |       ||   108
       Plate armour      |       |       |    43 |   167 ||   210
Dodge: Dodged            |    35 |    28 |   115 |    85 ||   263
Block: Kite shield       |       |       |       |    94 ||    94

Table legend: (Time is in decaauts)
 A = Elapsed time spent in this place.
 B = Non-inter-level travel time spent in this place.
 C = Inter-level travel time spent in this place.
 D = Time resting spent in this place.
 E = Time spent auto-exploring this place.
 F = Levels seen in this place.
 G = Mean time per level.
                   A        B        C        D        E       F      G
               +--------+--------+--------+--------+--------+-----+--------+
         Total |  11652 |  10376 |   1276 |      0 |   8746 |  13 |  896.3 |
       Dungeon |  10616 |   9340 |   1276 |      0 |   8020 |  11 |  965.1 |
         Sewer |    459 |    459 |      0 |      0 |    311 |   1 |  459.0 |
        Bailey |    576 |    576 |      0 |      0 |    414 |   1 |  576.0 |
               +--------+--------+--------+--------+--------+-----+--------+

Top non-repeatable levels by time:
     D:6: 1482 daAuts
     D:9: 1290 daAuts
     D:7: 1222 daAuts
     D:4: 1189 daAuts
     D:8: 1175 daAuts
     D:5: 849 daAuts
     D:1: 810 daAuts
     D:2: 726 daAuts
     D:3: 711 daAuts
    D:10: 675 daAuts
  Bailey: 576 daAuts
    D:11: 483 daAuts
   Sewer: 459 daAuts
